Map: Thunderbird LE

Players

Mez - Winner!

  • Race: Terran Terran
  • League: Master
  • Spawn Location: 5:00

Ghoulie

  • Race: Protoss Protoss
  • League: Master
  • Spawn Location: 11:00

VOD

Have the link to the VOD?

Description

Time

  • Played on: Aug. 7, 2019, 3:39 p.m.
  • Length: 13:00
Show
View Real Time Build Order
Export as new Build Order

Mez Terran - Winner!

Build Orders: Reaper Expand 

Get SALT Encoding   

  12  0:01  SCV  
  13  0:13  SCV  
  14  0:17  Supply Depot  
  14  0:25  SCV  
  15  0:38  SCV  
  15  0:39  Barracks  
  16  0:44  Refinery  
  16  0:50  SCV  
  17  1:02  SCV  
  18  1:14  SCV  
  19  1:27  Reaper  
  19  1:28  Orbital Command  
  20  1:40  Command Center  
  20  1:54  SCV  
  21  1:55  Supply Depot  
  21  2:00  Barracks Reactor  
  21  2:06  SCV  
  22  2:20  SCV  
  23  2:26  Factory  
  23  2:37  Command Center  
  23  2:40  Refinery, Marine x2  
  25  2:45  SCV  
  26  2:52  Orbital Command  
  26  2:58  Marine x2  
  27  3:00  SCV  
  29  3:13  Starport  
  29  3:15  Widow Mine  
  29  3:18  SCV  
  32  3:20  SCV  
  33  3:28  Marine x2  
  33  3:32  Bunker  
  35  3:36  SCV x2  
  37  3:42  Widow Mine  
  39  3:48  SCV x2  
  41  3:57  Marine x2  
  41  3:59  Orbital Command  
  41  4:00  SCV  
  43  4:03  Medivac  
  43  4:05  Widow Mine  
  43  4:06  SCV  
  48  4:12  Supply Depot  
  48  4:14  SCV  
  49  4:18  SCV  
  50  4:25  Barracks  
  50  4:26  SCV x2, Barracks  
  52  4:32  Marine x2, Factory Tech Lab  
  52  4:35  Starport Tech Lab  
  54  4:40  SCV x2  
  54  4:43  Supply Depot  
  56  4:51  Siege Tank, SCV  
  60  4:53  Raven  
  60  4:56  Refinery  
  60  4:57  SCV x2  
  60  4:59  Refinery  
  64  5:02  Marine  
  64  5:03  SCV, Marine  
  67  5:09  SCV, Supply Depot  
  67  5:10  SCV  
  69  5:14  Barracks Tech Lab  
  69  5:15  SCV, Barracks Tech Lab  
  69  5:18  Engineering Bay  
  69  5:19  Engineering Bay  
  70  5:21  SCV  
  70  5:22  SCV  
  72  5:34  SCV  
  72  5:35  Siege Tank, Orbital Command  
  77  5:38  Stimpack  
  77  5:43  SCV  
  77  5:44  Barracks  
  77  5:46  Starport Reactor, Barracks  
  77  5:47  SCV  
  78  5:52  Marine x3  
  78  5:55  Marine  
  82  5:57  Supply Depot  
  82  6:00  Supply Depot  
  82  6:01  SCV  
  82  6:02  SCV x2  
  85  6:14  Terran Infantry Armor Level 1, Terran Infantry Weapons Level 1  
  85  6:18  Refinery  
  85  6:19  SCV x3, Factory Reactor  
  88  6:25  Supply Depot  
  88  6:28  Medivac  
  88  6:30  Medivac  
  88  6:31  SCV x3, Marine x4  
  99  6:33  Combat Shield  
  97  6:43  SCV  
  88  6:55  Marine x4, Marauder x2  
  88  6:56  SCV x2  
  88  7:00  SCV  
  91  7:04  Medivac x2  
  91  7:05  Widow Mine  
  91  7:06  Widow Mine  
  100  7:08  SCV x2  
  100  7:12  SCV  
  101  7:20  SCV x2, Marauder x2  
  101  7:21  Marauder  
  109  7:23  Concussive Shells  
  109  7:27  Supply Depot x2  
  109  7:28  Supply Depot  
  109  7:29  Marine x2, Supply Depot  
  113  7:30  Armory, Marauder  
  113  7:38  Refinery  
  113  7:45  Command Center  
  113  7:47  Widow Mine x2  
  113  7:50  Marine, Marauder x3  
  124  7:55  Ghost Academy  
  124  8:02  SCV x3  
  127  8:10  Missile Turret  
  127  8:12  Missile Turret  
  127  8:13  Missile Turret  
  127  8:14  Widow Mine x2  
  127  8:18  Missile Turret, SCV x3  
  134  8:22  Marine, Marauder x3  
  141  8:30  SCV  
  142  8:36  Marine, Marauder  
  142  8:38  Medivac x2  
  142  8:40  Marine  
  148  8:44  Missile Turret  
  148  8:48  Marauder  
  148  8:51  Bunker  
  148  8:55  Supply Depot  
  146  8:57  Supply Depot  
  146  8:58  Supply Depot  
  146  9:04  Marine x2  
  146  9:05  Marauder x2  
  146  9:06  Widow Mine x2  
  146  9:07  Terran Infantry Weapons Level 2  
  146  9:08  Medivac x2  
  146  9:09  Terran Infantry Armor Level 2  
  160  9:11  Terran Ship Weapons Level 1  
  160  9:18  SCV x2  
  160  9:20  Missile Turret  
  160  9:21  Missile Turret  
  162  9:35  Ghost x3  
  162  9:36  Marine x2  
  162  9:38  Planetary Fortress  
  170  9:39  SCV x2  
  172  9:47  Marauder  
  174  9:54  Marine x2  
  174  9:55  Barracks, Supply Depot  
  174  9:56  Barracks  
  174  9:59  Barracks  
  174  10:04  Marauder  
  174  10:05  Marauder  
  164  10:20  SCV x3  
  164  10:21  Ghost x2, Marine x2  
  167  10:25  Widow Mine x2, Marine  
  167  10:27  Medivac x2  
  182  10:30  SCV  
  182  10:32  Starport  
  184  10:35  SCV x3  
  184  10:42  SCV  
  187  10:46  Barracks Reactor  
  187  10:47  Barracks Reactor, Liberator x2, Barracks Tech Lab  
  187  10:53  Refinery x2  
  187  10:58  SCV  
  187  10:59  Missile Turret  
  187  11:04  Missile Turret  
  188  11:10  Fusion Core, Starport Tech Lab  
  194  11:12  Marauder  
  194  11:15  Starport  
  196  11:32  Marine  
  196  11:35  Marine  
  195  11:43  Marauder  
  195  11:45  Marauder  
  195  11:46  Marauder  
  195  11:48  Marauder  
  195  11:49  Marauder  
  195  11:50  Marine  
  182  12:01  Marine x2  
  182  12:05  Marauder  
  182  12:06  Marauder  
  182  12:07  SCV x4  
  182  12:08  Marauder  
  194  12:19  SCV x3  
  171  12:38  Marine  
  171  12:43  SCV x4  
Show
View Real Time Build Order
Export as new Build Order

Ghoulie Protoss 

Build Orders: 1 Gate Expand 

Get SALT Encoding   

  12  0:00  Probe  
  13  0:12  Probe  
  14  0:18  Pylon  
  14  0:24  Probe  
  15  0:32  Probe  
  15  0:40  Probe, Gateway  
  16  0:47  Assimilator  
  17  0:51  Probe  
  18  1:03  Probe  
  19  1:15  Probe  
  20  1:25  Nexus  
  20  1:35  Cybernetics Core  
  21  1:40  Probe  
  21  1:44  Assimilator  
  21  1:52  Probe  
  22  1:55  Pylon  
  22  2:04  Stalker, Probe  
  23  2:14  Warp Gate  
  25  2:17  Probe  
  26  2:29  Probe  
  26  2:37  Probe  
  26  2:41  Probe  
  26  2:43  Stalker  
  30  2:45  Probe  
  30  2:48  Robotics Facility  
  31  2:55  Probe  
  31  2:56  Probe  
  33  3:07  Probe  
  33  3:08  Probe  
  35  3:13  Stalker  
  35  3:16  Probe  
  35  3:19  Probe  
  38  3:24  Probe  
  39  3:32  Probe, Twilight Council  
  41  3:37  Gateway x2  
  41  3:38  Probe, Observer  
  43  3:44  Probe  
  43  3:46  Pylon  
  44  3:54  Probe  
  45  3:56  Probe  
  45  3:59  Charge  
  46  4:04  Observer  
  46  4:05  Assimilator  
  46  4:06  Probe  
  46  4:07  Assimilator  
  46  4:08  Probe  
  49  4:10  Pylon  
  49  4:14  Probe  
  49  4:16  Stalker  
  51  4:20  Probe  
  51  4:24  Probe  
  53  4:26  Observer  
  53  4:31  Pylon  
  55  4:41  Sentry  
  57  4:47  Stalker, Observer  
  57  4:48  Stalker  
  62  4:58  Nexus, Pylon  
  62  5:02  Pylon, Warp Prism  
  62  5:05  Forge  
  62  5:07  Forge  
  64  5:26  Zealot x3, Observer  
  70  5:28  Protoss Ground Weapons Level 1  
  70  5:33  Blink  
  70  5:35  Protoss Ground Armor Level 1  
  70  5:39  Immortal  
  70  5:41  Probe  
  70  5:42  Probe  
  76  5:49  Probe  
  76  5:54  Probe  
  78  5:57  Probe  
  78  6:02  Observer  
  78  6:03  Photon Cannon  
  79  6:07  Photon Cannon  
  79  6:08  Shield Battery  
  79  6:09  Observer  
  79  6:10  Zealot  
  79  6:11  Zealot  
  83  6:13  Zealot  
  83  6:16  Probe  
  83  6:17  Probe  
  87  6:22  Probe  
  88  6:28  Probe  
  88  6:31  Probe  
  90  6:33  Zealot x2  
  90  6:34  Probe  
  93  6:40  Probe  
  93  6:44  Probe  
  93  6:46  Probe  
  94  6:49  Immortal  
  94  6:52  Probe  
  85  6:56  Probe  
  85  6:58  Probe  
  87  7:04  Probe  
  87  7:08  Probe  
  89  7:10  Probe  
  90  7:16  Templar Archives, Probe  
  90  7:20  Probe  
  90  7:21  Sentry x2  
  90  7:22  Assimilator, Probe  
  95  7:26  Assimilator  
  95  7:27  Probe  
  95  7:28  Warp Prism  
  98  7:35  Probe x2, Protoss Ground Weapons Level 2, Gateway  
  100  7:43  Gateway  
  100  7:44  Gateway  
  100  7:56  Dark Shrine  
  100  8:01  Psionic Storm  
  100  8:02  Pylon  
  100  8:03  Pylon  
  100  8:04  Pylon  
  100  8:08  Gateway  
  100  8:20  Warp Prism  
  100  8:25  Nexus  
  97  8:37  Probe x3  
  98  8:49  Probe x3  
  98  8:53  Stalker x2  
  98  8:54  Stalker  
  98  8:55  Zealot x2  
  111  8:57  Zealot  
  111  9:01  Probe x3  
  116  9:10  Observer  
  116  9:12  Dark Templar  
  116  9:13  Probe x3, Protoss Ground Armor Level 2  
  121  9:25  Probe x2  
  121  9:26  Probe  
  121  9:29  Pylon  
  121  9:31  Pylon  
  124  9:33  Zealot  
  125  9:38  Dark Templar  
  125  9:39  Zealot, Dark Templar  
  125  9:41  Probe x2  
  123  9:46  Probe x2  
  123  9:48  High Templar x3  
  131  9:53  Probe  
  131  9:57  Dark Templar  
  130  10:13  Probe x3  
  130  10:14  Probe  
  116  10:15  Warp Prism  
  118  10:24  Robotics Bay  
  118  10:25  High Templar x6, Probe x2  
  118  10:26  Probe x2  
  134  10:29  Archon  
  134  10:34  Photon Cannon  
  134  10:37  Photon Cannon  
  134  10:40  Photon Cannon  
  134  10:42  Zealot, Photon Cannon  
  136  10:46  Photon Cannon  
  136  10:49  Pylon  
  135  10:52  Immortal, Pylon  
  135  10:55  Assimilator  
  135  10:59  Assimilator  
  139  11:09  Photon Cannon  
  139  11:10  Probe x3  
  142  11:13  Photon Cannon  
  142  11:14  Extended Thermal Lance  
  142  11:17  Resonating Glaives  
  142  11:19  Dark Templar x2  
  142  11:20  Zealot x3  
  142  11:21  Zealot x2  
  156  11:27  Colossus  
  156  11:33  Probe x4  
  156  11:55  Zealot x7  
  148  12:06  High Templar x4  
  156  12:11  Pylon  
  156  12:13  Pylon  
  156  12:14  Pylon  
  156  12:15  Archon x2  
  134  12:30  Zealot x3  
  95  12:39  Dark Templar x4  
  91  12:46  Probe x3  
Tags
 
Add a new tag
Caveats
  • Supply blocks, unpowered buildings, or Contaminate may cause inaccurate times.
  • Supply counts are checked every 10 seconds.